 Dungeon Crawl Stone Soup version 0.28.0-45-g0d030f2227 (webtiles) character file.

Game seed: 4161788536171072686

3 protoss039 the Digger (level 1, -1/14 HPs)
             Began as a Demonspawn Earth Elementalist on May 30, 2022.
             Slain by a quokka (3 damage)
             ... on level 1 of the Dungeon.
             The game lasted 00:00:31 (84 turns).

protoss039 the Digger (Demonspawn Earth Elementalist) Turns: 84, Time: 00:00:31

Health: -1/14      AC:  2    Str:  8    XL:     1   Next: 41%
Magic:  0/3        EV: 12    Int: 16    God:
Gold:   0          SH:  0    Dex: 13    Spells: 3/4 levels left

rFire   . . .      SeeInvis .   a - +0 dagger
rCold   . . .      Faith    .   (no shield)
rNeg    . . .      Spirit   .   b - +0 robe
rPois   .          Reflect  .   (no helmet)
rElec   .          Harm     .   (no cloak)
rCorr   .          Rampage  .   (no gloves)
Will    .....                   (no boots)
Stlth   ++........              (no amulet)
HPRegen 0.04/turn               (no ring)
MPRegen 0.08/turn               (no ring)

@: no status effects
A: no striking features
a: no special abilities


You were on level 1 of the Dungeon.
You visited 1 branch of the dungeon, and saw 1 of its levels.

Inventory:

Hand Weapons
 a - a +0 dagger (weapon)
Missiles
 c - 24 stones
Armour
 b - a +0 robe (worn)


   Skills:
 * Level 0.3 Fighting
 + Level 0.2 Armour
 - Level 1.7 Dodging
 - Level 1.7 Stealth
 + Level 2.0 Spellcasting
 - Level 1.0 Transmutations
 + Level 2.7 Earth Magic


You had 3 spell levels left.
You knew the following spells:

 Your Spells              Type           Power      Damage    Failure   Level
a - Sandblast             Erth           20%        2d7       7%          1

Your spell library contained the following spells:

 Spells                   Type           Power      Damage    Failure   Level
 Passwall                 Tmut/Erth      5%         N/A       14%         2
 Stone Arrow              Conj/Erth      10%        3d7       34%         3
 Petrify                  Tmut/Erth      7%         N/A       67%         4


Dungeon Overview and Level Annotations

Branches:
Dungeon (1/15)

Altars:


Message History

The bat hits you but does no damage.
Things that are here:
a +0 dagger; a goblin corpse
a - a +0 dagger The bat hits you but does no damage.
The bat closely misses you. The bat completely misses you. The bat hits you.
a - a +0 dagger (weapon)
The quokka twitches its whiskers.
The bat hits you.
* * * LOW HITPOINT WARNING * * *
You hit the bat but do no damage. The bat barely misses you. The bat hits you.
* * * LOW HITPOINT WARNING * * *
You closely miss the bat. The bat hits you.
* * * LOW HITPOINT WARNING * * *
The bat closely misses you.
You miss the bat. The bat hits you but does no damage.
The bat closely misses you.
Casting: Sandblast (safe; 7% risk of failure)
Confirm with . or Enter, or press ? or * to list all spells.
Aiming: Sandblast (safe; 7% risk of failure)
Press: ? - help, Shift-Dir - straight line, f/p - bat
Aim: a bat (69% to hit)
The blast of sand misses the quokka.
The blast of sand hits the bat!
You kill the bat!
The quokka completely misses you.
Unknown command.
Found a leather armour.
Casting: Sandblast (safe; 7% risk of failure)
Confirm with . or Enter, or press ? or * to list all spells.
Aiming: Sandblast (safe; 7% risk of failure)
Press: ? - help, Shift-Dir - straight line, f - quokka
Aim: a quokka (lightly wounded, 71% to hit)
The blast of sand misses the quokka.
The quokka misses you. x2
Unknown command.
A goblin comes into view. It is wielding a +0 dagger.
Found 25 arrows.
The quokka barely misses you. The quokka barely misses you.
Found 8 gold pieces.
The quokka bites you.
You die...

###.# .... PP.##
P♣♣♣.♣P# (.
♣P♣...P## #.♣
♣......####
#P.♣♣$.P......♣
#...♣♣..♣@...♣
#..P♣♣.gr..♣♣
#..PP.....♣♣♣PPP
#.##......♣.P..♣P
#.........♣♣...P
####......♣♣.P♣
♣♣#####
#.......♣.♣♣
#.....##
#..........#
##.##.8##
#.[........#
#.#.....


You could see a quokka and a goblin.

Vanquished Creatures
  An endoplasm (D:1)
  A goblin (D:1)
  A bat (D:1)
3 creatures vanquished.

Notes
Turn   | Place    | Note
-------+----------+-------------------------------------------
     0 | D:1      | protoss039 the Demonspawn Earth Elementalist began the
                  | quest for the Orb.
     0 | D:1      | Reached XP level 1. HP: 13/13 MP: 3/3
    39 | D:1      | Reached skill level 1 in Transmutations
    84 | D:1      | Slain by a quokka

Illustrated notes

Levels and vault maps discovered:
D:1:      psy_arrival_basics, layout_basic, serial_forest,
          infiniplex_forest_end_double, infiniplex_forest_end_1,
          infiniplex_forest_lined_corner, infiniplex_forest_clump_C,
          infiniplex_forest_clump_diagonal, infiniplex_forest_clump_cross,
          infiniplex_forest_clump_double, minmay_gold_behind_fungi

Skill      XL: |  1 |
---------------+----+-----
Transmutations | 1 |  1.0
Fighting       | |  0.3
Armour         | |  0.2
Dodging        | |  1.7
Stealth        | |  1.7
Spellcasting   | |  2.0
Earth Magic    | |  2.7

Action                   || total
-------------------------++-------
Melee: Unarmed           ||     6
       Dagger            ||     3
       Punch             ||     1
 Cast: Sandblast         ||     6
Armor: Robe              ||     7
Dodge: Dodged            ||    26
